AoeStats
← WhyteKev

Black Forest

506574521Analyzed
2v2 RM · 20d ago on Sep 14, 2026· 56m 28s· 4 players
Game mode
Random Map
Map size
Medium (4 player)
Population
200
Speed
Normal
Resources
Standard
Victory
Conquest
Starting age
Dark Age
Ending age
Imperial Age
RankedLock teamsTeams togetherTeam positionsShared explorationLock speedFull tech treeHidden civsTurbo modeCheats
Victory
Defeat
🇺🇸 Italians · United States
1033
+14
🇺🇸 Bohemians · United States
1032
+14
🇲🇽 Vietnamese · Mexico
1002
-15
🇨🇦 Sicilians · Canada
971
-13
quiquito45
0:45 Loom
12:11 Feudal Age
17:03 Castle Age
16:15 Double-Bit Axe
16:28 Stone Mining
19:15 Gold Mining
21:29 Wheelbarrow
23:26 Bow Saw
26:26 Horse Collar
27:08 Heavy Plow
30:00 Hand Cart
34:49 Imperial Age
33:00 Stone Shaft Mining
34:09 Fletching
34:20 Padded Archer Armor
34:20 Scale Mail Armor
34:31 Forging
34:47 Ballistics
35:07 Bodkin Arrow
36:55 Chemistry
36:30 Chain Mail Armor
36:21 Scale Barding Armor
36:31 Leather Archer Armor
35:46 Elite Fire Lancer
36:30 Caravan
36:41 Guilds
37:58 Two-Man Saw
37:22 Town Watch
38:02 Siege Engineers
40:26 Iron Casting
39:59 Elite Skirmisher
40:45 Thumb Ring
41:04 Imperial Skirmisher
43:35 Bracer
44:38 Paper Money
44:19 Chatras
44:40 Elite Rattan Archer
45:53 Ring Archer Armor
47:26 Town Patrol
48:40 Chain Barding Armor
48:50 Plate Mail Armor
49:11 Elite Battle Elephant
54:37 Crossbowman
T270491
0:27 Loom
14:28 Feudal Age
14:54 Double-Bit Axe
20:28 Wheelbarrow
20:00 Scale Mail Armor
20:16 Padded Archer Armor
20:10 Fletching
24:13 Castle Age
22:55 Wheelbarrow
23:15 Forging
22:57 Horse Collar
23:19 Gold Mining
23:22 Stone Mining
24:25 Scale Mail Armor
25:09 Bodkin Arrow
27:41 Iron Casting
27:41 Pikeman
30:25 Caravan
35:43 Chain Mail Armor
35:51 Leather Archer Armor
40:23 Imperial Age
37:31 Elite Skirmisher
39:14 Gold Shaft Mining
39:14 Stone Shaft Mining
39:11 Hand Cart
39:30 Bow Saw
39:26 Heavy Plow
41:30 Ballistics
42:33 Chemistry
41:44 Masonry
41:13 Imperial Skirmisher
43:45 Bracer
44:46 Blast Furnace
43:54 Scale Barding Armor
43:15 Cavalier
43:56 Husbandry
45:38 Conscription
48:14 Chain Barding Armor
53:28 Plate Barding Armor
52:38 Elite Serjeant
52:53 Sappers
53:32 Hauberk
54:56 Plate Mail Armor
JP
1:27 Loom
12:46 Feudal Age
13:42 Double-Bit Axe
16:55 Castle Age
15:03 Double-Bit Axe
15:32 Horse Collar
17:52 Heavy Plow
21:34 Chemistry
24:34 Wheelbarrow
26:56 Hand Cart
28:58 Fervor
34:21 Imperial Age
33:23 Wagenburg Tactics
34:15 Fletching
34:27 Padded Archer Armor
35:01 Forging
34:51 Scale Mail Armor
34:13 Pikeman
34:53 Squires
35:28 Conscription
37:10 Iron Casting
36:50 Leather Archer Armor
37:38 Chain Mail Armor
37:44 Houfnice
38:38 Caravan
40:31 Blast Furnace
40:02 Ring Archer Armor
39:30 Halberdier
41:40 Plate Mail Armor
46:14 Bombard Tower
47:11 Arson
49:52 Siege Engineers
WhyteKev
1:11 Loom
13:30 Feudal Age
18:56 Castle Age
18:37 Double-Bit Axe
23:15 Horse Collar
26:22 Fortified Wall
31:48 Gold Mining
32:23 Heavy Plow
33:02 Bow Saw
37:58 Imperial Age
36:07 Wheelbarrow
36:43 Forging
37:50 Light Cavalry
39:14 Hand Cart
38:36 Elite Skirmisher
40:28 Chemistry
39:22 Fletching
39:00 Hussar
39:52 Bloodlines
40:45 Husbandry
43:29 Iron Casting
43:19 Ballistics
43:13 Thumb Ring
45:12 Conscription
50:44 Squires
53:02 Cavalier
54:44 Blast Furnace
53:51 Scale Barding Armor
54:35 Elite Genoese Crossbowman
Connection lost

Rejoining the realm…

Still unreachable

The connection could not be restored.

Session expired

The server has moved on; the page needs a fresh start.